 Dungeon Crawl Stone Soup version 0.21.1-1-g345015f (webtiles) character file.

6225 Monsterracer the Destroyer (level 10, -2/56 HPs)
             Began as a Deep Elf Wizard on May 10, 2018.
             Was a Priest of Vehumet.
             Slain by a yak (10 damage)
             ... on level 10 of the Dungeon.
             The game lasted 00:12:33 (12586 turns).

Monsterracer the Destroyer (Deep Elf Wizard)       Turns: 12586, Time: 00:12:33

Health: -2/56      AC:  4    Str:  4    XL:     10   Next: 61%
Magic:  10/25      EV: 14    Int: 27    God:    Vehumet [***...]
Gold:   444        SH:  0    Dex: 13    Spells: 12/28 levels left

rFire    . . .     SeeInvis .   b - +1 trident (venom)
rCold    + . .     Gourm    .   (no shield)
rNeg     . . .     Faith    .   C - +0 robe
rPois    .         Spirit   .   p - +1 helmet (curse)
rElec    .         Reflect  .   (no cloak)
rCorr    .         Harm     .   (no gloves)
MR       +....                  (no boots)
Stlth    ++........             (no amulet)
HPRegen  0.18/turn              o - ring of protection from cold {!d}
MPRegen  0.19/turn              (no ring)

@: no status effects
A: no striking features
a: Renounce Religion


You were on level 10 of the Dungeon.
You worshipped Vehumet.
Vehumet was most pleased with you.
You were hungry.

You visited 1 branch of the dungeon, and saw 10 of its levels.

You collected 444 gold pieces.

Inventory:

Hand Weapons
 b - a +1 trident of venom (weapon)
Missiles
 l - 2 throwing nets (quivered)
Armour
 p - a cursed +1 helmet (worn)
 C - a +0 robe (worn)
Magical Staves
 a - an uncursed staff of wizardry {!a}
Jewellery
 o - a ring of protection from cold (left hand) {!d}
Wands
 j - a wand of flame (32)
 u - a wand of paralysis (14)
 v - a wand of acid (5)
 w - a wand of enslavement (14)
 A - a wand of polymorph (20)
 B - a wand of digging (13)
Scrolls
 d - 9 scrolls of remove curse
 n - 4 scrolls of teleportation
 x - 3 scrolls of fear {!r}
 y - a scroll of fog
Potions
 e - 3 potions of might
 f - 4 potions of curing
 g - a potion of heal wounds {unknown}
 h - 4 potions of flight
 i - a potion of mutation {!q}
 k - 3 potions of resistance
 m - 2 potions of magic
 q - 2 potions of brilliance
 r - a potion of invisibility {unknown}
 s - a potion of lignification {unknown}
 t - 2 potions of cancellation {unknown}
 z - a potion of agility {unknown}
Comestibles
 c - 12 rations


   Skills:
 + Level 3.0 Fighting
 + Level 5.2 Dodging
 - Level 2.4 Stealth
 + Level 9.8 Spellcasting
 * Level 11.7 Conjurations
   Level 1.1 Summonings
 - Level 1.1 Translocations
 + Level 7.7 Fire Magic
 + Level 4.0 Earth Magic


You had 12 spell levels left.
You knew the following spells:

 Your Spells              Type           Power        Failure   Level  Hunger
a - Magic Dart            Conj           ####         1%          1    None
b - Conjure Flame         Conj/Fire      ######..     1%          3    None
c - Stone Arrow           Conj/Erth      ######       1%          3    None
d - Mephitic Cloud        Conj/Pois/Air  ####....     1%          3    None
e - Blink                 Tloc           N/A          4%          2    None
f - Iskenderun's Mystic   Conj           ######..     1%          4    None


Dungeon Overview and Level Annotations

Branches:
Dungeon (10/15)            Temple (0/1) D:4             Orc (0/2) D:9
   Lair: D:8-11

Altars:
Ashenzari
Cheibriados
Elyvilon
Hepliaklqana
Kikubaaqudgha
Makhleb
Okawaru
Qazlal
Ru
Sif Muna
Vehumet
Wu Jian
Xom
Yredelemnul
Beogh


Message History

Done exploring.
Items here: )) [[ รทรท
There is an open door, spattered with blood here.
There is a staircase to the Orcish Mines here.
There is an open door, spattered with blood here.
There is a stone staircase leading down here.
Unknown command.
You climb downwards.
A hound, 4 yaks and a gargoyle come into view.
The yak bellows! x2
Found a quarterstaff.
There is a stone staircase leading up here.
There are monsters nearby!
There are monsters nearby!
There are monsters nearby!
There are monsters nearby!
Casting: Stone Arrow
Confirm with . or Enter, or press ? or * to list all spells.
Aiming: Stone Arrow
Press: ? - help, Shift-Dir - straight line, f - yak
Aim: a yak (hasn't noticed you)
Okay, then.
Casting: Stone Arrow
Confirm with . or Enter, or press ? or * to list all spells.
Aiming: Magic Dart
Press: ? - help, Shift-Dir - straight line, f - yak
Aim: a yak (hasn't noticed you)
The magic dart hits the yak.
The yak is lightly wounded.
The yak bellows!
The hound barks!
You hear an angry hiss.
The yak gores you.
A bullfrog skeleton comes into view.
You take 6 damage, and have 49/55 hp.
You now have 24/25 mp.
Casting: Magic Dart
Confirm with . or Enter, or press ? or * to list all spells.
Aiming: Stone Arrow
Press: ? - help, Shift-Dir - straight line, f/p - yak
Aim: a yak (lightly wounded)
Okay, then.
Casting: Stone Arrow
Confirm with . or Enter, or press ? or * to list all spells.
Aiming: Iskenderun's Mystic Blast
Press: ? - help, Shift-Dir - straight line, f - yak, p - yak
Aim: a yak The orb of energy hits the yak.
The yak is moderately wounded.
The orb of energy explodes!
The mystic blast hits the yak.
The yak is heavily wounded.
The mystic blast hits the yak.
The yak is moderately wounded.
The yak gores you! The yak closely misses you.
You take 10 damage, and have 39/55 hp.
You now have 20/25 mp.
Casting: Iskenderun's Mystic Blast
Confirm with . or Enter, or press ? or * to list all spells.
Okay, then.
Unknown command.
Casting: Iskenderun's Mystic Blast
Confirm with . or Enter, or press ? or * to list all spells.
Aiming: Iskenderun's Mystic Blast
Press: ? - help, Shift-Dir - straight line, f - yak, p - yak
Aim: a yak (moderately wounded)
The orb of energy hits the yak.
The yak is severely wounded.
The yak misses you. The hound barely misses you. The yak misses you.
The yak gores you. The yak barely misses you.
You take 4 damage, and have 35/55 hp.
You now have 16/25 mp.
Casting: Iskenderun's Mystic Blast
Confirm with . or Enter, or press ? or * to list all spells.
Aiming: Iskenderun's Mystic Blast
Press: ? - help, Shift-Dir - straight line, f/p - yak
Aim: a yak (severely wounded)
The orb of energy hits the yak.
You kill the yak!
Vehumet accepts your kill.
You feel your power returning.
Your Fighting skill increases to level 3!
The yak closely misses you. The hound bites you. The yak misses you.
The yak gores you.
* * * LOW HITPOINT WARNING * * *
An iguana comes into view.
You take 8 damage, and have 27/56 hp.
You now have 13/25 mp.
Casting: Iskenderun's Mystic Blast
Confirm with . or Enter, or press ? or * to list all spells.
Aiming: Iskenderun's Mystic Blast
Press: ? - help, Shift-Dir - straight line, f - yak
Aim: a yak The orb of energy hits the yak.
The yak is heavily wounded.
The orb of energy explodes!
The mystic blast hits the hound.
The hound is moderately wounded.
The mystic blast hits the yak.
The yak is severely wounded.
The hound closely misses you. The yak gores you!
* * * LOW HITPOINT WARNING * * *
The hound bites you.
* * * LOW HITPOINT WARNING * * *
The yak gores you.
* * * LOW HITPOINT WARNING * * *
The yak gores you!
You die...

...............
...............
..)............
...............
...............
.....9.........
..l...hYY......
#...@.....#
#....Y....#
#.....Z...#
#.........#
#.........#
#...........
............
###..####....


You could see 3 yaks, a gargoyle, an iguana, a hound and a bullfrog skeleton.

Vanquished Creatures
  A two-headed ogre (D:9)
  Pikel (D:5)
  A troll (D:9)
  7 yaks
  A wyvern (D:8)
  2 hungry ghosts (D:9)
  Grum (D:8)
  A black bear (D:9)
  6 orc warriors
  An ice beast (D:6)
  A sky beast (D:8)
  4 slaves (D:5)
  A phantom (D:5)
  3 wolves (D:8)
  4 ogres
  A centaur (D:7)
  A big kobold (D:8)
  3 bullfrogs
  3 scorpions
  6 howler monkeys
  4 crimson imps
  A quasit (D:8)
  2 centaur zombies
  2 hounds
  A jelly (D:7)
  3 orc priests
  4 orc wizards
  A bullfrog skeleton (D:9)
  A gnoll shaman (D:6)
  3 iguanas
  Ijyb (D:3)
  Terence (D:3)
  5 worker ants
  A hound zombie (D:5)
  Robin (D:3)
  10 adders
  5 gnolls (D:6)
  2 river rats (D:4)
  2 shadow imps
  2 oozes
  2 worms
  2 dart slugs
  A leopard gecko (D:9)
  43 orcs
  3 ball pythons
  9 giant cockroaches
  22 goblins
  6 hobgoblins
  5 jackals
  2 quokkas
  6 bats
  3 frilled lizards
  2 jackal skeletons
  10 kobolds
  5 rats
  A butterfly (D:2)
223 creatures vanquished.

Vanquished Creatures (collateral kills)
  A leopard gecko (D:6)
1 creature vanquished.

Grand Total: 224 creatures vanquished

Notes
Turn   | Place    | Note
-------+----------+-------------------------------------------
     0 | D:1      | Monsterracer the Deep Elf Wizard began the quest for the Orb.
     0 | D:1      | Reached XP level 1. HP: 10/10 MP: 7/7
   179 | D:1      | Reached skill level 2 in Conjurations
   275 | D:1      | Reached XP level 2. HP: 15/15 MP: 6/9
   667 | D:1      | Reached skill level 3 in Conjurations
  1127 | D:2      | Found a radiant altar of Vehumet.
  1156 | D:2      | Found a basalt altar of Yredelemnul.
  1191 | D:2      | Became a worshipper of Vehumet
  1220 | D:2      | Reached XP level 3. HP: 19/19 MP: 8/10
  1255 | D:2      | Learned a level 2 spell: Blink
  1262 | D:2      | Learned a level 2 spell: Slow
  1266 | D:2      | Learned a level 3 spell: Mephitic Cloud
  1317 | D:2      | HP: 9/19 [poisoned by an adder]
  1695 | D:2      | Reached skill level 4 in Conjurations
  1802 | D:2      | Learned a level 3 spell: Conjure Flame
  1897 | D:2      | Found a shimmering altar of Xom.
  2176 | D:3      | Reached XP level 4. HP: 22/24 MP: 4/12
  2318 | D:3      | Noticed Ijyb
  2327 | D:3      | Killed Ijyb
  2327 | D:3      | Reached skill level 1 in Fire Magic
  2613 | D:3      | Found a white marble altar of Elyvilon.
  2613 | D:3      | Found an ancient bone altar of Kikubaaqudgha.
  2780 | D:3      | Found a deep blue altar of Sif Muna.
  2796 | D:3      | Noticed Terence
  2807 | D:3      | Killed Terence
  2807 | D:3      | Reached skill level 5 in Conjurations
  2807 | D:3      | Reached XP level 5. HP: 28/28 MP: 1/13
  3017 | D:3      | Noticed Robin
  3081 | D:3      | HP: 13/28 [Robin/short sword (6)]
  3082 | D:3      | Killed Robin
  3401 | D:3      | Reached * piety under Vehumet
  3401 | D:3      | Offered knowledge of Shock by Vehumet.
  3426 | D:3      | Found a hazy altar of Hepliaklqana.
  3495 | D:3      | Found a shattered altar of Ashenzari.
  3690 | D:4      | HP: 14/28 [poisoned by a worker ant]
  3695 | D:4      | HP: 13/28 [poisoned by a worker ant]
  3702 | D:4      | HP: 11/28 [poisoned by a worker ant]
  3710 | D:4      | HP: 10/28 [poisoned by a worker ant]
  3931 | D:4      | HP: 11/28 [worker ant (5)]
  4287 | D:4      | Reached XP level 6. HP: 32/32 MP: 6/15
  4346 | D:4      | Found a staircase to the Ecumenical Temple.
  4393 | D:4      | Found a burning altar of Makhleb.
  4425 | D:4      | Reached skill level 6 in Conjurations
  4675 | D:4      | Reached skill level 5 in Spellcasting
  4696 | D:4      | HP: 8/32 [ogre/giant spiked club (21)]
  5031 | D:4      | Found a stormy altar of Qazlal.
  5045 | D:4      | HP: 16/32 [poisoned by a worker ant]
  5050 | D:4      | HP: 14/32 [poisoned by a worker ant]
  5058 | D:4      | HP: 13/32 [poisoned by a worker ant]
  5412 | D:4      | Reached XP level 7. HP: 36/36 MP: 9/17
  5721 | D:5      | Entered Level 5 of the Dungeon
  5751 | D:5      | HP: 17/36 [iguana (6)]
  6030 | D:5      | Reached skill level 7 in Conjurations
  6073 | D:5      | Found an iron altar of Okawaru.
  6225 | D:5      | Offered knowledge of Throw Frost by Vehumet.
  6250 | D:5      | Reached ** piety under Vehumet
  6416 | D:5      | Noticed Pikel
  6469 | D:5      | HP: 17/36 [slave[Pikel] (7)]
  6475 | D:5      | HP: 13/36 [slave[Pikel] (5)]
  7079 | D:5      | Killed Pikel
  7079 | D:5      | Reached skill level 8 in Conjurations
  7079 | D:5      | Reached skill level 5 in Fire Magic
  7079 | D:5      | Reached XP level 8. HP: 41/41 MP: 4/20
  7650 | D:6      | Reached skill level 9 in Conjurations
  8452 | D:7      | HP: 11/41 [centaur/arrow (14)]
  8466 | D:7      | Reached XP level 9. HP: 12/45 MP: 14/23
  8874 | D:7      | Found an ancient bone altar of Kikubaaqudgha.
  9206 | D:8      | Found an ornate altar of the Wu Jian Council.
  9466 | D:8      | Reached skill level 10 in Conjurations
  9525 | D:8      | Offered knowledge of Stone Arrow by Vehumet.
  9618 | D:8      | Learned a level 3 spell: Stone Arrow
  9760 | D:8      | Reached skill level 1 in Earth Magic
  9889 | D:8      | Reached skill level 1 in Fighting
 10245 | D:8      | Found a snail-covered altar of Cheibriados.
 10268 | D:8      | Noticed Grum
 10270 | D:8      | Reached *** piety under Vehumet
 10290 | D:8      | HP: 19/47 [wolf[Grum] (5)]
 10403 | D:8      | Killed Grum
 10660 | D:9      | Noticed a two-headed ogre
 10668 | D:9      | Killed a two-headed ogre
 10668 | D:9      | Reached skill level 11 in Conjurations
 10668 | D:9      | Reached XP level 10. HP: 53/53 MP: 11/25
 10821 | D:9      | Found a roughly hewn altar of Beogh.
 10986 | D:9      | HP: 26/53 [orc/flail (9)]
 11529 | D:9      | HP: 24/54 [hungry ghost (4)]
 11538 | D:9      | HP: 25/54 [hungry ghost (1)]
 11543 | D:9      | HP: 21/54 [hungry ghost (4)]
 11548 | D:9      | HP: 17/54 [hungry ghost (1)]
 11573 | D:9      | Offered knowledge of Iskenderun's Mystic Blast by Vehumet.
 11854 | D:9      | HP: 21/54 [black bear (7)]
 11861 | D:9      | Learned a level 4 spell: Iskenderun's Mystic Blast
 12063 | D:9      | Found a sacrificial altar of Ru.
 12204 | D:9      | Reached skill level 5 in Dodging
 12389 | D:9      | Found a staircase to the Orcish Mines.
 12581 | D:10     | Entered Level 10 of the Dungeon
 12581 | D:10     | Noticed a gargoyle
 12585 | D:10     | HP: 27/56 [yak (6)]
 12586 | D:10     | HP: 13/56 [hound (1)]
 12586 | D:10     | Slain by a yak

Skill      XL: |  1  2  3  4  5  6  7  8  9 10 |
---------------+-------------------------------+-----
Conjurations   | 2 3 4 5 6 8 9 11 | 11.7
Fire Magic     | 1 2 3 5 6 7 |  7.7
Spellcasting   | 5 7 8 9 |  9.8
Earth Magic    | 2 4 |  4.0
Dodging        | 4 5 |  5.2
Fighting       | 2 3 |  3.0
Stealth        | |  2.4
Summonings     | |  1.1
Translocations | |  1.1

Action                   |  1- 3 |  4- 6 |  7- 9 | 10-12 || total
-------------------------+-------+-------+-------+-------++-------
Melee: Unarmed           |     5 |       |       |       ||     5
       Dagger            |     1 |    12 |       |       ||    13
       Trident           |       |       |    23 |    29 ||    52
 Cast: Magic Dart        |    83 |   198 |   322 |   127 ||   730
       Conjure Flame     |       |     1 |    13 |     2 ||    16
       Mephitic Cloud    |       |     1 |     4 |       ||     5
       Blink             |       |       |     1 |       ||     1
       Stone Arrow       |       |       |    18 |    26 ||    44
       Iskenderun's Myst |       |       |       |     6 ||     6
  Use: Scroll            |     8 |     7 |     5 |     1 ||    21
  Eat: Chunk             |     4 |     8 |    14 |     4 ||    30
       Ration            |       |       |     1 |     4 ||     5
Armor: Robe              |     4 |    11 |    41 |    23 ||    79
Dodge: Dodged            |    14 |    43 |   108 |    65 ||   230

Vault maps used:
D:1:      dpeg_cavernosity
D:2:      yredelemnul_altar_generic, xom_butterflies, vehumet_crystals
D:3:      lemuel_coloured_pillars_altar, ashenzari_altar_1,
          grunt_temple_overflow_open, lemuel_blue_sif_altar, uniq_terence,
          uniq_ijyb, uniq_robin
D:4:      lemuel_round_altar, minmay_temple_entry_mist, portal_sewer_entry_e,
          bloody_makhleb
D:5:      nicolae_overflow_hidden_temple, first_ration, grunt_ministairs_4,
          uniq_pikel
D:7:      basic_altar
D:8:      overflow_temple_1_default, overflow_temple_1_default, uniq_grum
D:9:      nicolae_ru_awakened_eye, david_orc_5
D:10:     minmay_lair_entry_grove, basic_altar, hangedman_pestilent_swarm,
          hangedman_minor_magic
